 Dungeon Crawl Stone Soup version 0.31-a0-1620-gcbf77bbcfc (webtiles) character file.

Game seed: 8793793530556169000

281 Essalna the Digger (level 6, -2/32 HPs)
             Began as a Gargoyle Earth Elementalist on Jan 11, 2024.
             Killed by divine providence
             ... invoked by an orc priest
              (13 damage)
             ... on level 3 of the Dungeon.
             The game lasted 00:04:05 (2808 turns).

Essalna the Digger (Gargoyle Earth Elementalist)    Turns: 2808, Time: 00:04:06

Health: -2/32      AC:  8    Str: 11    XL:     6   Next: 27%
Magic:  0/11       EV: 11    Int: 18    God:
Gold:   107        SH:  0    Dex: 10    Spells: 8/12 levels left

rFire   . . .        d - +1 dagger
rCold   . . .        (no shield)
rNeg    + . .        a - +1 robe
rPois   ∞            (no helmet)
rElec   +            (no cloak)
rCorr   .            l - +0 pair of gloves
SInv    .            (no boots)
Will    +....        (no amulet)
Stlth   ++           e - ring of willpower
HPRegen 0.25/turn    (no ring)
MPRegen 0.12/turn

%: no passive effects
@: no status effects
A: sickness immunity, AC +4, negative energy resistance 1, electricity
resistance, torment resistance 1, petrification resistance
a: no special abilities


You were on level 3 of the Dungeon.
You visited 1 branch of the dungeon, and saw 3 of its levels.

You collected 107 gold pieces.

Inventory:

Hand Weapons
 d - a +1 dagger (weapon)
Armour
 a - a +1 robe (worn)
 l - a +0 pair of gloves (worn)
Jewellery
 e - a ring of willpower (left hand)
Scrolls
 f - a scroll of teleportation
Potions
 b - a potion of magic
 c - 4 potions of curing
 g - a potion of lignification
 h - a potion of brilliance
 i - 2 potions of attraction
 j - a potion of invisibility {unknown}
 k - a potion of enlightenment {unknown}
 n - a potion of ambrosia {unknown}


   Skills:
 - Level 1.5 Dodging
 - Level 2.1 Stealth
 + Level 3.7 Spellcasting
 + Level 3.8 Conjurations
 + Level 5.5 Earth Magic


You had 8 spell levels left.
You knew the following spells:

 Your Spells              Type           Power      Damage    Failure   Level
a - Sandblast             Erth           46%        2d11      1%          1
b - Stone Arrow           Conj/Erth      40%        3d9       7%          3

Your spell library contained the following spells:

 Spells                   Type           Power      Damage    Failure   Level
 Passwall                 Erth           23%        N/A       4%          3
 Brom's Barrelling Bould  Conj/Erth      20%        2d4       22%         4
 Petrify                  Alch/Erth      13%        N/A       43%         4


Dungeon Overview and Level Annotations

Branches:
Dungeon (3/15)

Altars:
Ashenzari
Okawaru
Qazlal


Innate Abilities, Weirdness & Mutations

You are immune to sickness and miasma.
Your stone body is resilient. (AC +4)
You are immune to poison.
You resist negative energy. (rN+)
You are resistant to electric shocks. (rElec)
You are resistant to unholy torment.
You are immune to petrification.


Message History

Aiming: Sandblast (safe; 1% risk of failure)
Press: ? - help, Shift-Dir - straight line, f/p - orc priest
Aim: an orc priest, wielding a +0 dagger and wearing a +0 chain mail (87% to hit)
The blast of sand hits something.
Something hits you but does no damage.
The kobold throws a stone.
The stone barely misses you.
You hear some strange, mumbled words.
Something tries to affect you, but you resist.
Casting: Sandblast (safe; 1% risk of failure)
Confirm with . or Enter, or press ? or * to list all spells.
Aiming: Sandblast (safe; 1% risk of failure)
Press: ? - help, Shift-Dir - straight line, f/p - orc priest
Aim: an orc priest, wielding a +0 dagger and wearing a +0 chain mail (87% to hit)
The blast of sand hits something.
The kobold throws a stone.
Something hits you.
Casting: Sandblast (safe; 1% risk of failure)
Confirm with . or Enter, or press ? or * to list all spells.
Aiming: Sandblast (safe; 1% risk of failure)
Press: ? - help, Shift-Dir - straight line, f/p - orc priest
Aim: an orc priest, wielding a +0 dagger and wearing a +0 chain mail (87% to hit)
The blast of sand hits the orc priest but does no damage.
Something hits you but does no damage. Something hits you.
Casting: Sandblast (safe; 1% risk of failure)
Confirm with . or Enter, or press ? or * to list all spells.
Aiming: Sandblast (safe; 1% risk of failure)
Press: ? - help, Shift-Dir - straight line, f/p - orc priest
Aim: an orc priest, wielding a +0 dagger and wearing a +0 chain mail (87% to hit)
The blast of sand hits the orc priest.
The orc priest is moderately wounded.
Something hits you.
Casting: Sandblast (safe; 1% risk of failure)
Confirm with . or Enter, or press ? or * to list all spells.
Aiming: Sandblast (safe; 1% risk of failure)
Press: ? - help, Shift-Dir - straight line, f/p - orc priest
Aim: an orc priest, wielding a +0 dagger and wearing a +0 chain mail (moderately wounded, 87% to hit)
The blast of sand hits something.
Reactivating autopickup.
You feel a bit more experienced.
The orc priest mumbles some strange prayers to Beogh against you.
Beogh smites you!
You die...

#.###.# ... # #.....#
....#........#
#.###.###.#.......#........#
#...).###.#..._...^.......).
####...#..# ......#.........
#...#..# ......#.....####
#......# .... #.........
#...#.K####^####.....#...
#...#.o)@................
#...#####.....#..#...#...
#...########..#..#####...
#....................#...
############..#.....##...
#######..#......####
#........#..##.....#
#########.#####.†...#.......
#..........................#


You could see an orc priest and a kobold.

Vanquished Creatures
  An ice beast (D:3)
  An orc priest (D:3)
  Jessica (D:3)
  2 orc wizards (D:3)
  A gnoll (D:1)
  3 adders
  2 dart slugs (D:1)
  2 ribbon worms (D:2)
  2 orcs (D:3)
  7 ball pythons
  3 endoplasms (D:2)
  4 giant cockroaches
  5 goblins
  3 hobgoblins (D:1)
  2 jackals (D:2)
  3 quokkas
  9 bats
  4 frilled lizards
  9 kobolds
  5 rats
69 creatures vanquished.

Notes
Turn   | Place    | Note
-------+----------+-------------------------------------------
     0 | D:1      | Essalna the Gargoyle Earth Elementalist began the quest for
                  | the Orb.
     0 | D:1      | Reached XP level 1. HP: 10/10 MP: 3/3
   168 | D:1      | Reached XP level 2. HP: 15/15 MP: 0/5
   256 | D:1      | Reached skill level 4 in Earth Magic
   270 | D:1      | Reached XP level 3. HP: 19/19 MP: 0/6
   467 | D:1      | Found a faded altar of an unknown god.
  1217 | D:2      | Reached XP level 4. HP: 21/24 MP: 2/8
  2145 | D:3      | Noticed Jessica
  2151 | D:3      | Killed Jessica
  2152 | D:3      | Reached XP level 5. HP: 28/28 MP: 4/9
  2156 | D:3      | Learned a level 3 spell: Stone Arrow
  2427 | D:3      | Found a broken altar of Ashenzari.
  2574 | D:3      | Found a stormy altar of Qazlal.
  2609 | D:3      | Noticed an ice beast
  2613 | D:3      | Killed an ice beast
  2614 | D:3      | Reached skill level 5 in Earth Magic
  2614 | D:3      | Reached XP level 6. HP: 32/32 MP: 6/11
  2752 | D:3      | Found an iron altar of Okawaru.
  2808 | D:3      | Killed from afar by an orc priest

Illustrated notes

Levels and vault maps discovered:
D:1:      roderic_crossed_star, layout_basic, hellmonk_ecumenical_altar_lost_god
D:2:      layout_basic
D:3:      layout_basic, evilmike_ruin_ashenzari,
          mainiacjoe_overflow_surrounded_room, lemuel_tele_altar,
          supply_closet_lemuel, chequers_arboretum, minmay_crystal_room,
          pf_guarded_unrand_woodcutter, uniq_jessica

Skill      XL: |  1  2  3  4  5 |
---------------+----------------+-----
Earth Magic    | 4 5 |  5.5
Conjurations   | 2 3 |  3.8
Spellcasting   | 3 |  3.7
Dodging        | |  1.5
Stealth        | |  2.1

Action                     |  1- 3 |  4- 6 || total
---------------------------+-------+-------++-------
  Melee: Dagger            |    12 |    19 ||    31
   Cast: Sandblast         |    42 |    62 ||   104
    Use: Scroll            |     6 |     7 ||    13
 Armour: Robe              |    11 |    33 ||    44
  Dodge: Dodged            |    13 |    18 ||    31

Table legend: (Time is in decaauts)
 A = Elapsed time spent in this place.
 B = Non-inter-level travel time spent in this place.
 C = Inter-level travel time spent in this place.
 D = Time resting spent in this place.
 E = Time spent auto-exploring this place.
 F = Levels seen in this place.
 G = Mean time per level.
                   A        B        C        D        E       F      G
               +--------+--------+--------+--------+--------+-----+--------+
         Total |   2858 |   2814 |     44 |      0 |   2375 |   3 |  952.7 |
       Dungeon |   2858 |   2814 |     44 |      0 |   2375 |   3 |  952.7 |
               +--------+--------+--------+--------+--------+-----+--------+

Top non-repeatable levels by time:
     D:1: 1144 daAuts
     D:2: 867 daAuts
     D:3: 846 daAuts
